 Dungeon Crawl Stone Soup version 0.27.1-1-g398f81649c (webtiles) character file.

Game seed: 8108746562597281478

1333 MisterFreud the Shield-Bearer (level 8, -1/67 HPs)
             Began as a Gnoll Fighter on Sept 17, 2021.
             Was a Believer of Zin.
             Slain by Prince Ribbit (15 damage)
             ... on level 5 of the Dungeon.
             The game lasted 00:06:41 (4237 turns).

MisterFreud the Shield-Bearer (Gnoll Fighter)       Turns: 4237, Time: 00:06:42

Health: -1/67      AC:  8    Str: 17    XL:     8   Next: 61%
Magic:  13/13      EV:  9    Int:  9    God:    Zin [**....]
Gold:   156        SH: 10    Dex: 11    Spells: 13/13 levels left

rFire    . . .     SeeInvis .   a - +0 rapier
rCold    . . .     Faith    .   c - +0 kite shield
rNeg     . . .     Spirit   .   b - +0 scale mail
rPois    .         Reflect  .   (no helmet)
rElec    .         Harm     .   (no cloak)
rCorr    .         Rampage  .   (no gloves)
Will     +....                  (no boots)
Stlth    +.........             (no amulet)
HPRegen  0.21/turn              i - ring of willpower
MPRegen  0.13/turn              (no ring)

@: no status effects
A: fangs 1, strong nose, distributed training
a: Renounce Religion, Recite, Vitalisation, Donate Gold


You were on level 5 of the Dungeon.
You worshipped Zin.
Zin was pleased with you.
You visited 1 branch of the dungeon, and saw 5 of its levels.

You collected 173 gold pieces.
You donated 17 gold pieces to Zin.

Inventory:

Hand Weapons
 a - a +0 rapier (weapon)
Missiles
 p - 27 poisoned darts (quivered)
Armour
 b - a +0 scale mail (worn)
 c - a +0 kite shield (worn)
Jewellery
 i - a ring of willpower (left hand)
Scrolls
 g - a scroll of noise {unknown}
 h - a scroll of enchant armour {unknown}
 o - 2 scrolls of teleportation {unknown}
 q - a scroll of fog {unknown}
Potions
 e - a potion of cancellation {unknown}
 f - 2 potions of curing
 j - 2 potions of magic
 l - a potion of invisibility {unknown}
 m - a potion of attraction {unknown}
 n - 2 potions of heal wounds


   Skills:
 + Level 7.4 Fighting
 + Level 5.8 Short Blades
 + Level 3.4 Long Blades
 + Level 3.4 Axes
 + Level 3.4 Maces & Flails
 + Level 3.4 Polearms
 + Level 3.4 Staves
 + Level 3.4 Slings
 + Level 3.4 Bows
 + Level 3.4 Crossbows
 + Level 3.4 Throwing
 + Level 7.4 Armour
 + Level 3.4 Dodging
 + Level 3.4 Stealth
 + Level 7.4 Shields
 + Level 3.4 Unarmed Combat
 + Level 3.4 Spellcasting
 + Level 2.8 Conjurations
 + Level 2.8 Hexes
 + Level 2.8 Summonings
 + Level 2.8 Necromancy
 + Level 2.8 Translocations
 + Level 2.8 Transmutations
 + Level 2.8 Fire Magic
 + Level 2.8 Ice Magic
 + Level 2.8 Air Magic
 + Level 2.8 Earth Magic
 + Level 2.8 Poison Magic
 + Level 3.7 Invocations
 + Level 3.4 Evocations


You had 13 spell levels left.
You didn't know any spells.
Your spell library contained the following spells:

 Spells                   Type           Power      Damage    Failure   Level
 Conjure Flame            Conj/Fire      6%         6-21      91%         3
 Ignite Poison            Fire/Tmut/Pois 6%         N/A       91%         3
 Sticky Flame             Conj/Fire      6%         2d3       100%        4


Dungeon Overview and Level Annotations

Branches:
Dungeon (5/15)
 Temple: D:4-7

Altars:
Kikubaaqudgha
Makhleb
Vehumet
Wu Jian
Zin

Annotations:
D:5 1 runed translucent door, Crazy Yiuf, Prince Ribbit


Innate Abilities, Weirdness & Mutations

You have very sharp teeth.
Your uncanny sense of smell can sniff out nearby items.
Your experience applies equally to all skills.


Message History

You barely miss the ogre.
The ogre is moderately wounded.
The ogre hits you with a +0 giant spiked club!
Your scale mail prevents you from hitting the ogre.
The ogre is moderately wounded.
You barely miss the ogre.
The ogre is moderately wounded.
The ogre hits you with a +0 giant spiked club!
* * * LOW HITPOINT WARNING * * *
You hit the ogre.
The ogre is moderately wounded.
The ogre hits you with a +0 giant spiked club.
* * * LOW HITPOINT WARNING * * *
Unknown command.
Unknown command.
Prince Ribbit croaks regally.
As you read the scroll of fear, it crumbles to dust.
You assume a fearsome visage.
Prince Ribbit looks frightened!
The ogre looks frightened!
Cornered, the ogre turns to fight!
Prince Ribbit mumbles some strange words.
Prince Ribbit looks slightly unstable.
Okay, then.
Unknown command.
Aiming: Dig
Press: ? - help, Shift-Dir - straight line A rock wall.
The rock shatters into small pieces.
Prince Ribbit gives a loud, deep croak!
The now-empty wand crumbles to dust.
The ogre closely misses you.
You see here an iguana corpse.
You are ready to recite again.
You see here an adder corpse.
Prince Ribbit hits you but does no damage.
Prince Ribbit blinks!
You block Prince Ribbit's attack. Prince Ribbit hits you.
* * * LOW HITPOINT WARNING * * *
You block Prince Ribbit's attack. Prince Ribbit hits you!
You die...

###..######.##...#.......#
#..###.........#.......# #
#......................##### #
#.......#.#................# #
#..###..#)...........##.##.# #
#...................###.##†# #
#..###..#.#..#####..# #.##.# #
#... #..#.#..#####..# #.##.# #
#.#.....#.#.(.@FO...# #.##.# #
.. .....#..........####.##.# #
#####........#########...#.####
.......... ..........†.
.##.....< ###...#.###. ...#.
#####.# #. .#.# #.# #. . #.# #.
#.# #.


You could see Prince Ribbit and an ogre.

Vanquished Creatures
  A hornet (D:4)
  Grinder (D:5)
  A water moccasin (D:4)
  2 necrophages
  An ogre (D:5)
  A phantom (D:4)
  A scorpion (D:5)
  A howler monkey (D:4)
  A crimson imp (D:4)
  5 hounds
  An iguana (D:5)
  Ijyb (D:5)
  7 adders
  3 gnolls (D:4)
  2 worms
  3 dart slugs
  3 orcs
  6 endoplasms
  2 giant cockroaches (D:3)
  5 goblins
  A hobgoblin (D:4)
  6 jackals (D:1)
  3 quokkas
  6 ball pythons
  2 bats
  2 frilled lizards (D:1)
  4 kobolds
72 creatures vanquished.

Notes
Turn   | Place    | Note
-------+----------+-------------------------------------------
     0 | D:1      | MisterFreud the Gnoll Fighter began the quest for the Orb.
     0 | D:1      | Reached XP level 1. HP: 23/23 MP: 1/1
    87 | D:1      | Found a faded altar of an unknown god.
   114 | D:1      | Became a worshipper of Zin the Law-Giver
   114 | D:1      | Reached * piety under Zin
   260 | D:1      | Reached XP level 2. HP: 25/29 MP: 2/2
   685 | D:1      | Reached XP level 3. HP: 35/35 MP: 3/3
   994 | D:2      | Reached skill level 1 in Invocations
  1478 | D:3      | Reached skill level 1 in Long Blades
  1478 | D:3      | Reached skill level 1 in Axes
  1478 | D:3      | Reached skill level 1 in Maces & Flails
  1478 | D:3      | Reached skill level 1 in Polearms
  1478 | D:3      | Reached skill level 1 in Staves
  1478 | D:3      | Reached skill level 1 in Slings
  1478 | D:3      | Reached skill level 1 in Bows
  1478 | D:3      | Reached skill level 1 in Crossbows
  1478 | D:3      | Reached skill level 1 in Throwing
  1478 | D:3      | Reached skill level 1 in Dodging
  1478 | D:3      | Reached skill level 1 in Stealth
  1478 | D:3      | Reached skill level 1 in Unarmed Combat
  1478 | D:3      | Reached skill level 1 in Spellcasting
  1478 | D:3      | Reached skill level 1 in Evocations
  1597 | D:3      | Reached XP level 4. HP: 34/41 MP: 5/5
  1789 | D:3      | Reached ** piety under Zin
  2004 | D:4      | Reached skill level 1 in Conjurations
  2004 | D:4      | Reached skill level 1 in Hexes
  2004 | D:4      | Reached skill level 1 in Summonings
  2004 | D:4      | Reached skill level 1 in Necromancy
  2004 | D:4      | Reached skill level 1 in Translocations
  2004 | D:4      | Reached skill level 1 in Transmutations
  2004 | D:4      | Reached skill level 1 in Fire Magic
  2004 | D:4      | Reached skill level 1 in Ice Magic
  2004 | D:4      | Reached skill level 1 in Air Magic
  2004 | D:4      | Reached skill level 1 in Earth Magic
  2004 | D:4      | Reached skill level 1 in Poison Magic
  2427 | D:4      | Reached XP level 5. HP: 47/47 MP: 5/7
  2487 | D:4      | Found a burning altar of Makhleb.
  2488 | D:4      | Found a radiant altar of Vehumet.
  2667 | D:4      | Noticed a hornet
  2673 | D:4      | Killed a hornet
  2674 | D:4      | Reached skill level 5 in Short Blades
  2674 | D:4      | Reached XP level 6. HP: 53/53 MP: 7/9
  2730 | D:4      | Noticed a water moccasin
  2747 | D:4      | Killed a water moccasin
  2748 | D:4      | Reached XP level 7. HP: 17/60 MP: 7/10
  3227 | D:4      | Found an ornate altar of the Wu Jian Council.
  3227 | D:4      | Found an ancient bone altar of Kikubaaqudgha.
  3542 | D:5      | Entered Level 5 of the Dungeon
  3561 | D:5      | Noticed Grinder
  3567 | D:5      | Paralysed by Grinder for 4 turns
  3581 | D:5      | Paralysed by Grinder for 3 turns
  3604 | D:5      | HP: 2/60 [Grinder/nerve-wracking pain (11)]
  3608 | D:5      | Killed Grinder
  3609 | D:5      | Reached XP level 8. HP: 31/67 MP: 9/12
  3876 | D:5      | Noticed Ijyb
  3920 | D:5      | Killed Ijyb
  4141 | D:5      | Noticed Prince Ribbit
  4171 | D:5      | Found a runed translucent door.
  4174 | D:5      | Noticed Crazy Yiuf
  4237 | D:5      | Slain by Prince Ribbit

Illustrated notes

Levels and vault maps discovered:
D:1:      minmay_arrival_checkered_box, layout_loops_ring,
          dreamdust_ecumenical_altar_angels_and_demons, moated_statue
D:2:      layout_loops_ring
D:3:      layout_rooms, grunt_ministairs_7
D:4:      layout_basic, grunt_temple_overflow_lords_of_destruction,
          gammafunk_temple_overflow_elements, lemuel_another_geyser
D:5:      layout_loops_ring, lemuel_coloured_pillars_altar, uniq_prince_ribbit1,
          uniq_grinder, uniq_ijyb, uniq_crazy_yiuf_cottage

Skill      XL: |  1  2  3  4  5  6  7 |
---------------+----------------------+-----
Invocations    | 1 2 3 |  3.7
Long Blades    | 1 2 3 |  3.4
Axes           | 1 2 3 |  3.4
Maces & Flails | 1 2 3 |  3.4
Polearms       | 1 2 3 |  3.4
Staves         | 1 2 3 |  3.4
Slings         | 1 2 3 |  3.4
Bows           | 1 2 3 |  3.4
Crossbows      | 1 2 3 |  3.4
Throwing       | 1 2 3 |  3.4
Dodging        | 1 2 3 |  3.4
Stealth        | 1 2 3 |  3.4
Unarmed Combat | 1 2 3 |  3.4
Spellcasting   | 1 2 3 |  3.4
Evocations     | 1 2 3 |  3.4
Conjurations   | 1 2 |  2.8
Hexes          | 1 2 |  2.8
Summonings     | 1 2 |  2.8
Necromancy     | 1 2 |  2.8
Translocations | 1 2 |  2.8
Transmutations | 1 2 |  2.8
Fire Magic     | 1 2 |  2.8
Ice Magic      | 1 2 |  2.8
Air Magic      | 1 2 |  2.8
Earth Magic    | 1 2 |  2.8
Poison Magic   | 1 2 |  2.8
Short Blades   | 5 |  5.8
Fighting       | 7 |  7.4
Armour         | 7 |  7.4
Shields        | 7 |  7.4

Action                   |  1- 3 |  4- 6 |  7- 9 || total
-------------------------+-------+-------+-------++-------
Melee: Rapier            |   109 |   104 |   207 ||   420
       Bite              |     8 |    15 |    30 ||    53
Invok: Recite            |       |     2 |     7 ||     9
       Vitalisation      |       |     1 |     1 ||     2
Evoke: Wand              |       |       |     1 ||     1
  Use: Potion            |       |     1 |     2 ||     3
       Scroll            |       |       |     4 ||     4
Armor: Scale mail        |    32 |    23 |    64 ||   119
Dodge: Dodged            |    31 |    27 |    55 ||   113
Block: Kite shield       |    75 |    50 |    99 ||   224
